 Dungeon Crawl Stone Soup version 0.26-a0-812-g31a745ddcd (webtiles) character file.

Game seed: 18036217773012390870

70 Lanoc the Stinger (level 4, -4/18 HPs)
             Began as a Felid Venom Mage on Dec 9, 2020.
             Killed from afar by Natasha (6 damage)
             ... with a magic dart
             ... on level 4 of the Dungeon.
             The game lasted 00:01:52 (1079 turns).

Lanoc the Stinger (Felid Venom Mage)                Turns: 1079, Time: 00:01:52

Health: -4/18      AC:  1    Str:  4    XL:     4   Next: 3%
Magic:  1/8        EV: 19    Int: 18    God:
Gold:   93         SH:  5    Dex: 16    Spells: 6/7 levels left
                                        Lives:  0   Deaths: 1

rFire    + . .     SeeInvis +   (weapon unavailable)
rCold    . . .     Faith    .   (shield unavailable)
rNeg     . . .     Spirit   .   (armour unavailable)
rPois    .         Reflect  +   (helmet unavailable)
rElec    .         Harm     .   (cloak unavailable)
rCorr    .         Rampage  .   (gloves unavailable)
MR       .....                  (boots unavailable)
Stlth    +++.......             e - amulet of reflection
HPRegen  0.06/turn              g - ring of wizardry
MPRegen  0.11/turn              h - ring of protection from fire

@: slowed, slow
A: very small, no armour, no weapons or thrown items, stealth, claws 1, fangs 3,
see invisible, speed 1, shaggy fur 1, sharp paws
a: no special abilities


You were on level 4 of the Dungeon.
You visited 1 branch of the dungeon, and saw 4 of its levels.

You collected 93 gold pieces.

Inventory:

Jewellery
 e - an amulet of reflection (around neck)
 g - a ring of wizardry (left paw)
 h - a ring of protection from fire (right paw)
Scrolls
 a - 2 scrolls of identify {unknown}
Potions
 b - a potion of curing {unknown}
 c - a potion of experience {unknown}
 d - 2 potions of brilliance {unknown}
 f - a potion of lignification {unknown}


   Skills:
 + Level 4.1 Dodging
 - Level 2.6 Stealth
 - Level 2.0 Spellcasting
 + Level 2.7 Transmutations
 * Level 4.1 Poison Magic


You had 6 spell levels left.
You knew the following spells:

 Your Spells              Type           Power        Failure   Level
a - Sting                 Tmut/Pois      ##..         1%          1

Your spell library contained the following spells:

 Spells                   Type           Power        Failure   Level
 Poisonous Vapours        Pois/Air       #.....       4%          2
 Ignite Poison            Fire/Tmut/Pois ##......     9%          3
 Mephitic Cloud           Conj/Pois/Air  #.......     12%         3
 Olgreb's Toxic Radiance  Pois           ###.....     13%         4


Dungeon Overview and Level Annotations

Branches:
Dungeon (3/15)

Altars:

Annotations:
D:4 Natasha, Robin


Innate Abilities, Weirdness & Mutations

You cannot wear armour.
You are incapable of wielding weapons or throwing items.
Your paws allow you to move quietly. (Stealth)
You have sharp claws.
You have razor-sharp teeth.
You have supernaturally acute eyesight. (SInv)
You cover ground quickly.
You are covered in fur. (AC +1)
Your sharp claws are effective at attacking unaware monsters.


Message History

You don't have enough magic to cast that spell.
You scratch Natasha.
Natasha is severely wounded.
You block the shadow imp's attack. Natasha casts a spell at you.
You feel yourself slow down.
You miss Natasha.
Natasha is severely wounded.
You block the shadow imp's attack.
Natasha wildly gestures.
You feel troubled. Natasha casts a spell at you. The magic dart hits you.
* * * LOW HITPOINT WARNING * * *
You block the shadow imp's attack.
You scratch Natasha.
Natasha is almost dead.
Natasha stares at you and mumbles some strange words.
The magic dart hits you.
You die...

#.# ####.......# #.#
#.###.##.#.#
##.###.#..)........
#..)..###.#.#..#..#
#.#.##.#.##.#.o#..
#.#.###.###.#.....
####.#..))..........#
#....).######.##.##.#
#.#..#.# #..@h......
#.#.##.# #..†5......
#.#.##.# #..(..#####
#.#.##.# #.....#
#......# #.....#
###)#### #####.#
#.##### .# #.....####
.# ##.......#


You could see Natasha (very poisoned) and a shadow imp (summoned).

Vanquished Creatures
  An ogre (D:4)
  An orc wizard (D:4)
  A worm (D:4)
  A leopard gecko (D:2)
  5 orcs
  2 goblins
  2 hobgoblins (D:4)
  2 frilled lizards (D:1)
  A kobold (D:3)
  2 rats
18 creatures vanquished.

Notes
Turn   | Place    | Note
-------+----------+-------------------------------------------
     0 | D:1      | Lanoc the Felid Venom Mage began the quest for the Orb.
     0 | D:1      | Reached XP level 1. HP: 7/7 MP: 4/4
   277 | D:3      | Reached XP level 2. HP: 11/11 MP: 1/6
   461 | D:3      | You fall into a shaft and drop 1 floor!
   742 | D:4      | Noticed an ogre
   762 | D:4      | Killed an ogre
   762 | D:4      | Reached XP level 3. HP: 14/14 MP: 2/7
   762 | D:4      | Reached XP level 4. HP: 18/18 MP: 2/8
   849 | D:4      | Noticed Natasha
  1014 | D:4      | Noticed Robin
  1031 | D:4      | Noticed an ogre
  1034 | D:4      | Reached XP level 5. HP: 18/21 MP: 4/9
  1036 | D:4      | Mangled by an ogre
  1037 | D:4      | Reached XP level 4. HP: -6/18 MP: 3/8
  1079 | D:4      | Killed from afar by Natasha

Illustrated notes

Levels and vault maps discovered:
D:1:      dpeg_arrival_simpleton_a, layout_loops_cross, amethyst_killhole
D:2:      layout_loops_corners, minmay_pentomino_s4
D:3:      layout_rooms, nrook_uturn, trog_hazing_becter
D:4:      minmay_general_purpose_star, layout_loops_cross, minmay_crossroads,
          uniq_natasha, uniq_robin, uniq_grinder

Skill      XL: |  1  2  3  4 |
---------------+-------------+-----
Dodging        | 3 4 |  4.1
Poison Magic   | 3 4 |  4.1
Transmutations | 2 |  2.7
Stealth        | |  2.6
Spellcasting   | |  2.0

Action                   |  1- 3 |  4- 6 || total
-------------------------+-------+-------++-------
Melee: Unarmed           |     4 |     3 ||     7
 Cast: Sting             |    28 |    24 ||    52
Armor: Skin              |     1 |       ||     1
Dodge: Dodged            |     8 |     9 ||    17
Block: Other             |     3 |     5 ||     8

Table legend: (Time is in decaauts)
 A = Elapsed time spent in this place.
 B = Non-inter-level travel time spent in this place.
 C = Inter-level travel time spent in this place.
 D = Time resting spent in this place.
 E = Time spent auto-exploring this place.
 F = Levels seen in this place.
 G = Mean time per level.
                   A        B        C        D        E       F      G
               +--------+--------+--------+--------+--------+-----+--------+
         Total |   1002 |    996 |      6 |      4 |    803 |   4 |  250.5 |
       Dungeon |   1002 |    996 |      6 |      4 |    803 |   4 |  250.5 |
               +--------+--------+--------+--------+--------+-----+--------+

Top non-repeatable levels by time:
     D:4: 587 daAuts
     D:3: 303 daAuts
     D:1: 82 daAuts
     D:2: 28 daAuts
